 Dungeon Crawl Stone Soup version 0.29-a0-1008-g949cc1d0fb (webtiles) character file.

Game seed: 12870139359547846887

288 garrulousMonolith the Chopper (level 6, -3/53 HPs)
             Began as a Hill Orc Fighter on Aug 7, 2022.
             Was an Initiate of Beogh.
             Slain by Pikel
             ... wielding a +2 whip of electrocution
              (7 damage)
             ... on level 4 of the Dungeon.
             The game lasted 00:04:23 (3581 turns).

garrulousMonolith the Chopper (Hill Orc Fighter)    Turns: 3581, Time: 00:04:24

Health: -3/53      AC: 13    Str: 19    XL:     6   Next: 31%
Magic:  8/8        EV:  5    Int: 10    God:    Beogh [......]
Gold:   239        SH:  4    Dex: 10    Spells: 5/5 levels left

rFire   . . .      SeeInvis .   h - +1 whip (elec)
rCold   + . .      Faith    .   c - +0 buckler
rNeg    . . .      Spirit   .   p - +0 plate armour
rPois   .          Reflect  .   (no helmet)
rElec   .          Harm     .   (no cloak)
rCorr   .          Rampage  .   m - +0 pair of gloves
Will    .....                   (no boots)
Stlth   ..........              (no amulet)
HPRegen 0.17/turn               k - ring of protection from cold
MPRegen 0.11/turn               (no ring)

@: mighty
A: no striking features
a: Renounce Religion


You were on level 4 of the Dungeon.
You worshipped Beogh.
Beogh was noncommittal.
You visited 1 branch of the dungeon, and saw 4 of its levels.

You collected 239 gold pieces.

Inventory:

Hand Weapons
 a - a +0 war axe
 h - a +1 whip of electrocution (weapon)
Armour
 c - a +0 buckler (worn)
 l - a +0 chain mail
 m - a +0 pair of gloves (worn)
 p - a +0 plate armour (worn)
Jewellery
 k - a ring of protection from cold (left hand)
 t - a ring of magical power
Scrolls
 b - a scroll of fog
 e - a scroll of identify
 f - 5 scrolls of blinking
 g - a scroll of poison {unknown}
 j - 2 scrolls of fear
 n - 2 scrolls of enchant armour
 o - a scroll of noise {unknown}
 r - a scroll of torment {unknown}
 s - a scroll of teleportation {unknown}
Potions
 d - 2 potions of might
 i - a potion of curing
 q - a potion of resistance


   Skills:
 + Level 4.4 Fighting
 * Level 5.1 Axes
 + Level 4.1 Armour
 + Level 1.6 Dodging
 + Level 4.1 Shields
 + Level 2.7 Invocations


You had 5 spell levels left.
You didn't know any spells.
Your spell library contained the following spells:

 Spells                   Type           Power      Damage    Failure   Level
 Beastly Appendage        Tmut           0%         N/A       100%        1
 Summon Small Mammal      Summ           0%         N/A       100%        1
 Ensorcelled Hibernation  Hex/Ice        0%         N/A       100%        2
 Sublimation of Blood     Necr           0%         N/A       100%        2
 Wereblood                Tmut           0%         N/A       100%        2
 Call Canine Familiar     Summ           0%         N/A       100%        3
 Ignite Poison            Fire/Tmut/Pois 0%         N/A       100%        3
 Mephitic Cloud           Conj/Pois/Air  0%         N/A       100%        3
 Spider Form              Tmut/Pois      0%         N/A       100%        3
 Summon Guardian Golem    Hex/Summ       0%         N/A       100%        3
 Anguish                  Hex/Necr       0%         N/A       100%        4
 Leda's Liquefaction      Hex/Erth       0%         N/A       100%        4
 Petrify                  Tmut/Erth      0%         N/A       100%        4
 Freezing Cloud           Conj/Ice/Air   0%         6-21      100%        5
 Irradiate                Conj/Tmut      0%         3d11      100%        5
 Lee's Rapid Deconstruct  Erth           0%         3d5*      100%        5
 Statue Form              Tmut/Erth      0%         N/A       100%        6


Dungeon Overview and Level Annotations

Branches:
Dungeon (4/15)
 Temple: D:4-7

Altars:

Shops:
D:1 :

Annotations:
D:4 Dowan, Duvessa, Pikel


Message History

Pikel hits you but does no damage.
You hit Pikel.
Pikel is moderately wounded.
Pikel hits you but does no damage.
You hit Pikel but do no damage.
Pikel is moderately wounded.
Pikel hits you but does no damage.
You are electrocuted!
* * * LOW HITPOINT WARNING * * *
You feel better. Pikel barely misses you.
You whack Pikel!
Pikel is heavily wounded.
Pikel hits you with a +2 whip of electrocution!
* * * LOW HITPOINT WARNING * * *
You are electrocuted!
* * * LOW HITPOINT WARNING * * *
You aren't carrying any items that you can evoke.
You feel better. Pikel hits you but does no damage.
You barely miss Pikel.
Pikel is heavily wounded.
Pikel hits you but does no damage.
Pikel hits you with a +2 whip of electrocution.
* * * LOW HITPOINT WARNING * * *
You closely miss Pikel.
Pikel is moderately wounded.
You block Pikel's attack.
You whack Pikel!
Pikel is severely wounded.
Pikel hits you with a +2 whip of electrocution.
* * * LOW HITPOINT WARNING * * *
You barely miss Pikel.
Pikel is severely wounded.
Pikel hits you but does no damage.
You whack Pikel!
Pikel is almost dead.
Pikel says, "I touched Geryon's horn once."
Pikel barely misses you.
You hit Pikel.
Pikel is almost dead.
Pikel hits you with a +2 whip of electrocution!
You die...

#..# #.# #.. #..
#.. ####.# ...
....# #5# ...# #5#
#..# #K##.# ##..#
#.####@##.#
.#####..<#
#......##.#
.......(.#
######.##.#
.......†). #.##.#
........#. #.##.#
..........
#.##.####.#####.##
#.........# #.#
####.##########[#
#............#


You could see Pikel and 2 lemures.

Vanquished Creatures
  A black bear (D:4)
  2 lemures (D:4)
  A hound (D:4)
  2 iguanas
  5 adders
  3 dart slugs
  4 orcs
  5 endoplasms
  5 giant cockroaches
  5 hobgoblins
  4 jackals (D:3)
  6 kobolds
  A quokka (D:1)
  6 ball pythons
  3 bats
  8 goblins
61 creatures vanquished.

Vanquished Creatures (others)
  An orc priest (D:4)
  An orc (D:4)
2 creatures vanquished.

Grand Total: 63 creatures vanquished

Notes
Turn   | Place    | Note
-------+----------+-------------------------------------------
     0 | D:1      | garrulousMonolith the Hill Orc Fighter began the quest for
                  | the Orb.
     0 | D:1      | Reached XP level 1. HP: 19/19 MP: 1/1
   176 | D:1      | Reached skill level 3 in Axes
   176 | D:1      | Reached XP level 2. HP: 27/27 MP: 2/2
   190 | D:1      | Found Dahongecu's Book Shop.
   352 | D:1      | Found a faded altar of an unknown god.
   738 | D:1      | Reached skill level 1 in Invocations
   738 | D:1      | Reached XP level 3. HP: 32/33 MP: 3/3
  1841 | D:3      | Reached skill level 1 in Dodging
  1850 | D:3      | Reached XP level 4. HP: 5/40 MP: 5/5
  2135 | D:3      | Reached skill level 4 in Axes
  2729 | D:4      | Noticed Duvessa
  2732 | D:4      | Noticed Dowan
  3104 | D:4      | Reached XP level 5. HP: 39/46 MP: 6/6
  3221 | D:4      | Noticed a lemure
  3222 | D:4      | Noticed Pikel
  3222 | D:4      | Noticed a lemure
  3309 | D:4      | Became a worshipper of Beogh the Brigand
  3325 | D:4      | Noticed a black bear
  3336 | D:4      | Killed a black bear
  3337 | D:4      | Reached skill level 5 in Axes
  3337 | D:4      | Reached XP level 6. HP: 34/53 MP: 6/8
  3574 | D:4      | HP: 1/53 [Pikel/+2 whip of electrocution (8)]
  3581 | D:4      | Slain by Pikel

Illustrated notes

Levels and vault maps discovered:
D:1:      kennysheep_arrival_seaside, layout_loops_ring,
          ebering_ecumenical_altar_webs, serial_shops, shop,
          minmay_misc_feat_plants, reono_crystal_passage
D:2:      layout_basic
D:3:      layout_basic, dreamdust_mushroom_princess
D:4:      layout_loops_ring, minmay_temple_entry_nine_rooms,
          kennysheep_pointless_box, uniq_duvessa, uniq_pikel, uniq_eustachio

Skill      XL: |  1  2  3  4  5 |
---------------+----------------+-----
Axes           | 3 4 5 |  5.1
Invocations    | 1 2 |  2.7
Dodging        | 1 |  1.6
Fighting       | 4 |  4.4
Armour         | 4 |  4.1
Shields        | 4 |  4.1

Action                   |  1- 3 |  4- 6 || total
-------------------------+-------+-------++-------
Melee: War axe           |    92 |    63 ||   155
       Whip              |       |    37 ||    37
Invok: Convert to Beogh  |       |     1 ||     1
  Use: Scroll            |     3 |     5 ||     8
       Potion            |       |     5 ||     5
Armor: Scale mail        |    18 |       ||    18
       Chain mail        |    11 |       ||    11
       Plate armour      |    15 |    78 ||    93
Dodge: Dodged            |    36 |    25 ||    61
Block: Buckler           |    20 |    26 ||    46

Table legend: (Time is in decaauts)
 A = Elapsed time spent in this place.
 B = Non-inter-level travel time spent in this place.
 C = Inter-level travel time spent in this place.
 D = Time resting spent in this place.
 E = Time spent auto-exploring this place.
 F = Levels seen in this place.
 G = Mean time per level.
                   A        B        C        D        E       F      G
               +--------+--------+--------+--------+--------+-----+--------+
         Total |   3648 |   3468 |    180 |    854 |   2064 |   4 |  912.0 |
       Dungeon |   3648 |   3468 |    180 |    854 |   2064 |   4 |  912.0 |
               +--------+--------+--------+--------+--------+-----+--------+

Top non-repeatable levels by time:
     D:3: 1638 daAuts
     D:1: 989 daAuts
     D:2: 704 daAuts
     D:4: 316 daAuts
